 Dungeon Crawl Stone Soup version 0.28-a0-474-g535839065c (webtiles) character file.

Game seed: 13422850284812321933

4271 Squid the Cleaver (level 10, -3/90 HPs)
             Began as a Hill Orc Berserker on Sept 15, 2021.
             Was a Believer of Trog.
             Slain by Erica (10 damage)
             ... on level 8 of the Dungeon.
             The game lasted 00:30:16 (9060 turns).

Squid the Cleaver (Hill Orc Berserker)              Turns: 9060, Time: 00:30:20

Health: -3/90      AC: 15    Str: 24    XL:     10   Next: 31%
Magic:  3/3        EV:  9    Int:  7    God:    Trog [**....]
Gold:   352        SH:  0    Dex: 10    Spells: 9/9 levels left

rFire   + . .      SeeInvis .   i - +1 battleaxe (antimagic)
rCold   x . .      Faith    .   (shield currently unavailable)
rNeg    . . .      Spirit   .   g - +0 chain mail
rPois   .          Reflect  .   j - +0 helmet
rElec   .          Harm     .   (no cloak)
rCorr   .          Rampage  .   l - +0 pair of gloves
Will    ++...                   h - +0 pair of boots
Stlth   ..........              b - amulet of regeneration
HPRegen 2.25/turn               c - ring of fire
MPRegen 0.08/turn               (no ring)

@: mighty, strong-willed (expiring), on berserk cooldown, regenerating
(expiring), slowed, very slow
A: no striking features
a: Renounce Religion, Berserk, Trog's Hand


You were on level 8 of the Dungeon.
You worshipped Trog.
Trog was pleased with you.
You visited 2 branches of the dungeon, and saw 9 of its levels.
You also visited: Sewer.

You collected 397 gold pieces.
You spent 45 gold pieces at shops.

Inventory:

Hand Weapons
 i - a +1 antimagic battleaxe (weapon)
 t - the +11 mace "Kosk" {venom, Will+ Str+6 Dex+4}
   (You found it on level 7 of the Dungeon)

   It poisons the flesh of those it strikes.
   Str:       It affects your strength (+6).
   Dex:       It affects your dexterity (+4).
   Will:      It increases your willpower.
Armour
 g - a +0 chain mail (worn)
 h - a +0 pair of boots (worn)
 j - a +0 helmet (worn)
 l - a +0 pair of gloves (worn)
Jewellery
 b - an amulet of regeneration (around neck)
 c - a ring of fire (left hand)
Wands
 d - a wand of iceblast (8)
Scrolls
 e - 3 scrolls of fear
 m - 2 scrolls of teleportation
 o - a scroll of immolation
 p - a scroll of holy word
 r - a scroll of amnesia
Potions
 a - a potion of lignification
 f - a potion of heal wounds
 n - 2 potions of mutation
 q - 2 potions of flight
 u - 4 potions of curing


   Skills:
 + Level 8.6 Fighting
 + Level 13.7(13.8) Axes
 + Level 2.1(8.0) Maces & Flails
 + Level 8.0 Armour
 - Level 1.5 Dodging
 - Level 0.4 Stealth
 + Level 1.5 Shields
 + Level 1.2 Unarmed Combat


You had 9 spell levels left.
You didn't know any spells.
Your spell library was empty.

Dungeon Overview and Level Annotations

Branches:
Dungeon (8/15)             Temple (1/1) D:6           Sewer (visited)
   Lair: D:8-11

Altars:
Ashenzari
Cheibriados
Dithmenos
Elyvilon
Fedhas
Gozag
Hepliaklqana
Kikubaaqudgha
Makhleb
Nemelex Xobeh
Okawaru
Qazlal
Ru
Sif Muna
Trog
Uskayaw
Vehumet
Wu Jian
Xom
Yredelemnul
Zin
The Shining One

Shops:
D:2 !([[   D:6 =   D:7 *

Annotations:
D:8 Erica


Message History

The wyvern hisses angrily.
The orc barely misses you.
You closely miss the orc. The orc barely misses you.
Erica the Fiery-Tempered comes into view.
She is wielding a +3 scimitar of flaming.
The orc hits you with a +0 flail.
You slice the orc!!
You kill the orc!
Trog accepts your kill.
You slice the orc!!
You kill the orc!
Trog accepts your kill.
Erica casts a spell.
Erica flickers and vanishes!
Deactivating autopickup; reactivate with Ctrl-A.
The orc closely misses you.
You feel very mighty all of a sudden. The orc hits you but does no damage.
Something hits you.
You carve the orc like a ham!!!
You kill the orc!
Trog accepts your kill.
You hit something. Something hits you. Something burns you.
You slice the orc!!
You kill the orc!
Trog accepts your kill.
You closely miss something. Something hits you!! Something burns you.
The wyvern barely misses you.
You completely miss the wyvern. You barely miss something.
The wyvern closely misses you. Something hits you!
* * * LOW HITPOINT WARNING * * *
Something burns you.
* * * LOW HITPOINT WARNING * * *
The wyvern bites you but does no damage.
You slash the wyvern!
The wyvern is heavily wounded.
You slash something!
You feel the effects of Trog's Hand fading.
The wyvern bites you!
* * * LOW HITPOINT WARNING * * *
Something hits you!
You die...

########
#......###
#........
#......)###
#......)..#
###...))..# .
#.....))# ...
#......)####.....
#...(....@l......
#.....########...
#............
#.....#######
#.....#
####.....########.
......>...........
######.#.#...####.
#.#.#.#.#


You could see a wyvern.

Vanquished Creatures
  An ugly thing (D:7)
  Maurice (D:8)
  Psyche (D:8)
  6 yaks (D:6)
  A water moccasin (D:4)
  3 orc warriors
  Purgy (Sewer)
  2 ice beasts
  3 ogres
  A hornet zombie (D:7)
  2 centaurs (D:8)
  A kobold brigand (D:6)
  4 bullfrogs
  A gnoll sergeant (D:8)
  A howler monkey (D:6)
  A bullfrog zombie (D:6)
  4 hounds
  2 bullfrog skeletons (D:4)
  A gnoll shaman (D:6)
  2 jellies
  3 orc priests (D:6)
  2 iguanas
  5 orc wizards
  2 scorpion zombies (D:5)
  3 gnolls (D:8)
  6 adders
  A white imp (D:7)
  3 ufetubi (D:4)
  An adder skeleton (D:4)
  4 worms
  2 dart slugs
  32 orcs
  12 endoplasms
  A giant cockroach (D:3)
  11 hobgoblins
  12 jackals
  17 kobolds
  2 quokkas
  3 ball pythons
  5 bats
  7 frilled lizards
  7 goblins
  2 rats
182 creatures vanquished.

Vanquished Creatures (others)
  13 plants (D:3)
13 creatures vanquished.

Grand Total: 195 creatures vanquished

Notes
Turn   | Place    | Note
-------+----------+-------------------------------------------
     0 | D:1      | Squid the Hill Orc Berserker began the quest for the Orb.
     0 | D:1      | Reached XP level 1. HP: 19/19 MP: 1/1
   182 | D:1      | Reached XP level 2. HP: 19/27 MP: 2/2
   796 | D:1      | Found a faded altar of an unknown god.
   929 | D:1      | Reached XP level 3. HP: 29/34 MP: 3/3
   938 | D:1      | Reached ** piety under Trog
  1394 | D:2      | Found Noawn's Armour Shop.
  1964 | D:2      | Found a glowing golden altar of the Shining One.
  1988 | D:2      | Found Cirulose's Distillery.
  2145 | D:2      | Found Baafuuc's Weapon Boutique.
  2248 | D:2      | Found Qotzar's Armour Shop.
  2263 | D:2      | Bought a +0 chain mail for 45 gold pieces
  2394 | D:2      | Reached XP level 4. HP: 13/41 MP: 4/4
  3013 | D:2      | Identified a scroll of acquirement
  3014 | D:2      | Acquired a +1 antimagic battleaxe
  3086 | D:3      | Reached skill level 1 in Shields
  3134 | D:3      | Reached skill level 5 in Axes
  3574 | D:3      | Reached XP level 5. HP: 44/47 MP: 1/5
  3906 | D:3      | Reached skill level 1 in Unarmed Combat
  4716 | D:4      | Reached skill level 5 in Fighting
  4768 | D:4      | Reached skill level 6 in Axes
  4768 | D:4      | Reached XP level 6. HP: 55/56 MP: 2/6
  4805 | D:4      | Found a sparkling altar of Nemelex Xobeh.
  4944 | D:4      | Found a glowing drain.
  4968 | Sewer    | Entered a sewer
  5543 | Sewer    | Noticed Purgy
  5553 | Sewer    | Killed Purgy
  5554 | Sewer    | Reached skill level 7 in Axes
  5892 | D:4      | Noticed a water moccasin
  5900 | D:4      | Killed a water moccasin
  5901 | D:4      | Reached XP level 7. HP: 62/62 MP: 2/7
  6484 | D:5      | Entered Level 5 of the Dungeon
  6490 | D:5      | Reached skill level 8 in Axes
  6533 | D:5      | Found a burning altar of Makhleb.
  6705 | D:5      | Reached skill level 5 in Armour
  6705 | D:5      | Reached XP level 8. HP: 70/70 MP: 2/8
  7122 | D:5      | Reached skill level 9 in Axes
  7273 | D:6      | Found Rajuzuox's Jewellery Boutique.
  7456 | D:6      | Found a staircase to the Ecumenical Temple.
  7488 | Temple   | Entered the Ecumenical Temple
  7560 | D:6      | Noticed a yak
  7560 | D:6      | Noticed a yak
  7563 | D:6      | Noticed a yak
  7564 | D:6      | Noticed a yak
  7566 | D:6      | Noticed a yak
  7567 | D:6      | Killed a yak
  7568 | D:6      | Reached skill level 10 in Axes
  7568 | D:6      | Noticed a yak
  7572 | D:6      | Killed a yak
  7575 | D:6      | Killed a yak
  7576 | D:6      | Reached skill level 11 in Axes
  7576 | D:6      | Reached XP level 9. HP: 79/79 MP: 3/9
  7585 | D:6      | Reached skill level 12 in Axes
  8214 | D:7      | Found Fuojimarph's Overcharged Wands.
  8294 | D:7      | Found a glowing golden altar of the Shining One.
  8297 | D:7      | Found an opulent altar of Gozag.
  8300 | D:7      | Found a radiant altar of Vehumet.
  8303 | D:7      | Found a hide-covered altar of Uskayaw.
  8418 | D:7      | Identified the +11 mace "Kosk" {venom, Will+ Str+6 Dex+4}
  8738 | D:7      | Noticed a cyan ugly thing
  8750 | D:7      | Killed a cyan ugly thing
  8751 | D:7      | Reached skill level 1 in Maces & Flails
  8823 | D:8      | Noticed Psyche
  8837 | D:8      | Killed Psyche
  8838 | D:8      | Reached skill level 13 in Axes
  8838 | D:8      | Reached XP level 10. HP: 88/88 MP: 3/10
  8898 | D:8      | Noticed Maurice
  8917 | D:8      | Killed Maurice
  9053 | D:8      | Noticed Erica
  9060 | D:8      | Slain by Erica

Illustrated notes

Levels and vault maps discovered:
D:1:      wheals_arrival_shading, layout_loops_cross,
          hellmonk_ecumenical_altar_leap_of_faith, minmay_tree_intersection,
          chequers_garden
D:2:      layout_rooms, serial_shops, shop_fountains, nicolae_lakefront_shop,
          shop, shop, basic_altar
D:3:      layout_loops_corners, minmay_misc_feat_alley, chequers_big_river,
          minmay_misc_feat_diagonals
D:4:      layout_cave_pods, nemelex_xobeh_ov_fountains_minmay,
          cheibrodos_sewer_entry_bend
D:5:      layout_cave_pools, mainiacjoe_overflow_alcove_4, serial_column_ruins,
          column_ruins_hut_pillars, column_ruins_hut,
          column_ruins_corridor_dead_end, column_ruins_open_tiny_water,
          column_ruins_open_tiny, column_ruins_open_tiny, column_ruins_grid_2,
          dk_vineyard_3, minmay_misc_feat_more_columns
D:6:      layout_layer_cave, temple_fountains, st_stairs_10,
          minmay_shop_enchanted_jewellery
D:7:      layout_gridville, grunt_temple_overflow_cloverleaf,
          nicolae_shop_overcharged_wands
D:8:      layout_basic, minmay_bent, uniq_erica, uniq_psyche, uniq_maurice,
          uniq_grum
Temple:   nicolae_temple_x_marks_the_god

Skill      XL: |  1  2  3  4  5  6  7  8  9 10 |
---------------+-------------------------------+-----
Fighting       | 4 5 6 7 8 |  8.6
Shields        | 1 |  1.5
Axes           | 5 6 7 8 11 13 | 13.7
Armour         | 3 4 5 6 7 8 |  8.0
Unarmed Combat | 1 |  1.2
Maces & Flails | 1 2 |  2.1
Dodging        | |  1.5
Stealth        | |  0.4

Action                   |  1- 3 |  4- 6 |  7- 9 | 10-12 || total
-------------------------+-------+-------+-------+-------++-------
Melee: Hand axe          |   128 |       |       |       ||   128
       Unarmed           |       |    86 |       |       ||    86
       Battleaxe         |       |   159 |   175 |    63 ||   397
       Mace              |       |       |     6 |       ||     6
Invok: Berserk           |     3 |     7 |    10 |     2 ||    22
       Trog's Hand       |       |     5 |    13 |     2 ||    20
  Use: Scroll            |     4 |     5 |     5 |     2 ||    16
       Potion            |       |     1 |     1 |     2 ||     4
 Stab: Sleeping          |     1 |       |       |       ||     1
Armor: Animal skin       |    21 |       |       |       ||    21
       Robe              |     8 |       |       |       ||     8
       Ring mail         |    25 |       |       |       ||    25
       Chain mail        |    10 |   192 |   108 |    31 ||   341
Dodge: Dodged            |    88 |   132 |    86 |    28 ||   334
Block: Kite shield       |    46 |    33 |       |       ||    79

Table legend: (Time is in decaauts)
 A = Elapsed time spent in this place.
 B = Non-inter-level travel time spent in this place.
 C = Inter-level travel time spent in this place.
 D = Time resting spent in this place.
 E = Time spent auto-exploring this place.
 F = Levels seen in this place.
 G = Mean time per level.
                   A        B        C        D        E       F      G
               +--------+--------+--------+--------+--------+-----+--------+
         Total |   9446 |   9138 |    308 |   2413 |   3601 |  10 |  944.6 |
       Dungeon |   8706 |   8398 |    308 |   2029 |   3548 |   8 | 1088.2 |
        Temple |     75 |     75 |      0 |      0 |     53 |   1 |   75.0 |
         Sewer |    664 |    664 |      0 |    384 |      0 |   1 |  664.0 |
               +--------+--------+--------+--------+--------+-----+--------+

Top non-repeatable levels by time:
     D:2: 1682 daAuts
     D:3: 1534 daAuts
     D:4: 1455 daAuts
     D:1: 1434 daAuts
     D:6: 865 daAuts
     D:5: 780 daAuts
     D:7: 699 daAuts
   Sewer: 664 daAuts
     D:8: 253 daAuts
  Temple: 75 daAuts
